 Dungeon Crawl Stone Soup version 0.30-a0-779-g7971cf19c3 (webtiles) character file.

Game seed: 15815889604199040630

52 Adverbial the Chopper (level 3, -2/33 HPs)
             Began as a Hill Orc Monk on Feb 17, 2023.
             Slain by a scorpion (4 damage)
             ... on level 4 of the Dungeon.
             The game lasted 00:05:36 (619 turns).

Adverbial the Chopper (Hill Orc Monk)                Turns: 619, Time: 00:05:36

Health: -2/33      AC: 11    Str: 13    XL:     3   Next: 85%
Magic:  3/3        EV:  3    Int: 12    God:
Gold:   35         SH:  0    Dex: 13    Spells: 2/2 levels left

rFire   . . .      SeeInvis .    a - +0 hand axe
rCold   . . .      Faith    .    (no shield)
rNeg    . . .      Spirit   .    e - +0 plate armour
rPois   .          Reflect  .    (no helmet)
rElec   .          Harm     .    (no cloak)
rCorr   .          Rampage  .    f - +0 pair of gloves
Will    .....                    (no boots) Stlth
                                 (no amulet)
HPRegen 0.25/turn                (no ring)
MPRegen 0.08/turn                (no ring)

@: no status effects
A: no striking features
a: no special abilities


You were on level 4 of the Dungeon.
You visited 1 branch of the dungeon, and saw 4 of its levels.

You collected 35 gold pieces.

Inventory:

Hand Weapons
 a - a +0 hand axe (weapon)
Armour
 b - a +0 robe
 e - a +0 plate armour (worn)
 f - a +0 pair of gloves (worn)
Scrolls
 g - a scroll of blinking {unknown}
 h - a scroll of identify {unknown}
Potions
 c - a potion of ambrosia
 d - a potion of lignification {unknown}


   Skills:
 + Level 4.2 Fighting
 + Level 4.6 Axes
 + Level 2.8 Dodging
 + Level 2.2 Stealth


You had 2 spell levels left.
You didn't know any spells.
Your spell library was empty.

Dungeon Overview and Level Annotations

Branches:
Dungeon (4/15)
 Temple: D:4-7

Altars:
Yredelemnul


Message History

You hit the scorpion but do no damage.
The scorpion is moderately wounded.
You feel sick. The scorpion stings you.
You hit the scorpion but do no damage.
The scorpion is moderately wounded.
You feel sick.
You are no longer poisoned.
The scorpion stings you but does no damage.
You barely miss the scorpion.
The scorpion is moderately wounded.
The scorpion stings you but does no damage.
The scorpion stings you.
* * * LOW HITPOINT WARNING * * *
You hit the scorpion.
The scorpion is moderately wounded.
The scorpion stings you.
* * * LOW HITPOINT WARNING * * *
You closely miss the scorpion.
The scorpion is moderately wounded.
The scorpion stings you.
* * * LOW HITPOINT WARNING * * *
You hit the scorpion.
The scorpion is heavily wounded.
The scorpion stings you but does no damage. x2
You hit the scorpion but do no damage.
The scorpion is heavily wounded.
The scorpion stings you but does no damage.
You hit the scorpion but do no damage.
The scorpion is heavily wounded.
The scorpion stings you.
* * * LOW HITPOINT WARNING * * *
You barely miss the scorpion.
The scorpion is heavily wounded.
The scorpion stings you but does no damage.
You closely miss the scorpion.
The scorpion is heavily wounded.
The scorpion stings you.
* * * LOW HITPOINT WARNING * * *
The scorpion stings you.
You die...

....#...#.....#
....#.#.#.##.....#...#..
....###.#.##.....<......
........#.##.....#......
......###.##...........
......# #.##.........#
#########.##.........#
..........##.....s..#
...............)@#
#####.....##.....#
#.....######## #.....#
#######


You could see a scorpion.

Vanquished Creatures
  A hound (D:4)
  A dart slug (D:2)
  2 endoplasms
  A goblin (D:1)
  A hobgoblin (D:4)
  2 jackals (D:1)
  3 kobolds
  A quokka (D:1)
  A ball python (D:4)
  3 bats
  A frilled lizard (D:3)
  3 rats (D:1)
20 creatures vanquished.

Notes
Turn   | Place    | Note
-------+----------+-------------------------------------------
     0 | D:1      | Adverbial the Hill Orc Monk began the quest for the Orb.
     0 | D:1      | Reached XP level 1. HP: 19/19 MP: 1/1
   158 | D:1      | Reached XP level 2. HP: 18/27 MP: 2/2
   396 | D:3      | Found a basalt altar of Yredelemnul.
   548 | D:4      | Reached XP level 3. HP: 32/33 MP: 3/3
   597 | D:4      | Noticed a scorpion
   619 | D:4      | Slain by a scorpion

Illustrated notes

Levels and vault maps discovered:
D:1:      dpeg_arrival_ternary, layout_loops_ring
D:2:      kennysheep_the_goblin_king, layout_basic, basic_ecumenical_altar,
          dk_noncrumbling_3
D:3:      layout_loops_ring, yredelemnul_altar_generic, serial_shops, shop
D:4:      layout_basic, kiku_gazebo_pond_becter, serial_shops, shop

Skill      XL: |  1  2 |
---------------+-------+-----
Stealth        | 2 |  2.2
Fighting       | 4 |  4.2
Axes           | |  4.6
Dodging        | |  2.8

Action                     || total
---------------------------++-------
  Melee: Hand axe          ||    90
         Punch             ||     1
    Use: Scroll            ||     1
   Stab: Sleeping          ||     1
 Armour: Robe              ||     8
         Plate armour      ||    58
  Dodge: Dodged            ||    38

Table legend: (Time is in decaauts)
 A = Elapsed time spent in this place.
 B = Non-inter-level travel time spent in this place.
 C = Inter-level travel time spent in this place.
 D = Time resting spent in this place.
 E = Time spent auto-exploring this place.
 F = Levels seen in this place.
 G = Mean time per level.
                   A        B        C        D        E       F      G
               +--------+--------+--------+--------+--------+-----+--------+
         Total |    625 |    625 |      0 |      0 |      0 |   4 |  156.2 |
       Dungeon |    625 |    625 |      0 |      0 |      0 |   4 |  156.2 |
               +--------+--------+--------+--------+--------+-----+--------+

Top non-repeatable levels by time:
     D:1: 297 daAuts
     D:4: 155 daAuts
     D:3: 90 daAuts
     D:2: 82 daAuts
